 Dungeon Crawl Stone Soup version 0.18.1-48-g4cf74bf (console) character file.

212162 Homage the Tortoise (level 18, -23/163 HPs)
             Began as a Minotaur Fighter on July 18, 2016.
             Was the Champion of Okawaru.
             Killed from afar by a greater naga (28 damage)
             ... with a bolt of poison
             ... on level 4 of the Snake Pit.
             The game lasted 02:22:23 (33485 turns).

Homage the Tortoise (Minotaur Fighter)             Turns: 33485, Time: 02:22:23

Health: -23/163    AC: 32    Str: 30    XL:     18   Next: 23%
Magic:  23/23      EV: 18    Int:  5    God:    Okawaru [******]
Gold:   2303       SH: 23    Dex: 20    Spells: 0 memorised, 19 levels left

rFire  + + +     SeeInvis .     a - +8 broad axe {chop, Str+4, !d!f}
rCold  . . .     Gourm    .     D - +1 plate armour {MR+} {!d!f}
rNeg   . . .     Faith    .     R - +0 shield "Vukecix" {rF++}
rPois  .         Spirit   .     (helmet unavailable)
rElec  .         Dismiss  .     s - +3 cloak "Boje" {+Inv rF++, !d!f}
rCorr  .         Reflect  +     e - +2 pair of gloves {Str+3} {!d!f}
SustAt .         Harm     .     C - +2 pair of boots {Fly} {!d!f}
MR     +++..                    x - +6 amulet of reflection {!d!f}
Stlth  ..........               M - +4 ring of slaying {mikee!d!f}
                                y - +4 ring of dexterity

@: lethally poisoned (-23 -> -107), about to teleport, flying, extremely
resistant to hostile enchantments, extremely unstealthy
A: retaliatory headbutt, horns 3, magic resistance 1, mutation resistance 1,
screaming 1, no device heal 1
a: Heroism, Finesse, Renounce Religion, Evoke Invisibility, Stop Flying
}: 1/15 runes: decaying


You were on level 4 of the Snake Pit.
You worshipped Okawaru.
Okawaru was exalted by your worship.
You were not hungry.

You visited 6 branches of the dungeon, and saw 28 of its levels.
You also visited: Ossuary and Ice Cave.

You collected 2615 gold pieces.
You spent 312 gold pieces at shops.


Innate Abilities, Weirdness & Mutations

You reflexively headbutt those who attack you in melee.
You have a pair of large horns on your head.
You are resistant to hostile enchantments.
You are somewhat resistant to further mutation.
You occasionally shout uncontrollably at your foes.
Potions and wands are less effective at restoring your health.


   Skills:
 - Level 15.0 Fighting
 - Level 18.0 Axes
 - Level 20.0 Armour
 - Level 12.0 Dodging
 + Level 17.9 Shields
 - Level 1.1 Spellcasting
 - Level 8.0 Invocations


You had 19 spell levels left.
You didn't know any spells.

Inventory:

Hand Weapons
 a - the +8 broad axe "Diudi" (weapon) {chop, Str+4, !d!f}
   (You acquired it on level 5 of the Dungeon)

   It inflicts extra damage upon your enemies.
   It affects your strength (+4).
 b - the +9 hunting sling "Ranaob" {freeze, +Fly rPois MR+++ Str-3}
   (You found it on level 1 of the Snake Pit)

   It causes projectiles fired from it to freeze those they strike, causing
   extra injury to most foes and up to half again as much damage against
   particularly susceptible opponents.
   They can also slow down cold-blooded creatures.
   It affects your strength (-3).
   It protects you from poison.
   It affects your resistance to hostile enchantments.
   It lets you fly.
 l - a +3 eveningstar of freezing
 N - a +7 broad axe of chopping
Missiles
 h - a throwing net
 v - 43 sling bullets
 w - 26 tomahawks (quivered)
Armour
 e - a +2 pair of gloves of strength (worn) {!d!f}
 o - a +0 large shield
 s - the +3 cloak "Boje" (worn) {+Inv rF++, !d!f}
   (You acquired it on level 1 of the Lair of Beasts)

   It greatly protects you from fire.
   It lets you turn invisible.
 C - a +2 pair of boots of flying (worn) {!d!f}
 D - a +1 plate armour of magic resistance (worn) {!d!f}
 R - the +0 shield "Vukecix" (worn) {rF++}
   (Okawaru gifted it to you on level 4 of the Snake Pit)

   It greatly protects you from fire.
Rods
 T - a +0 rod of clouds (14/14) {!a}
   (You found it on level 8 of the Lair of Beasts)
Jewellery
 x - a +6 amulet of reflection (around neck) {!d!f}
 y - a +4 ring of dexterity (left hand)
 M - a +4 ring of slaying (right hand) {mikee!d!f}
 Q - the amulet "Ysonan" {Inacc rElec rF+ SInv}
   (You found it on level 5 of the Lair of Beasts)

   [amulet of inaccuracy]

   It reduces the accuracy of all your attacks.
   It protects you from fire.
   It insulates you from electricity.
   It lets you see invisible.
Wands
 n - a wand of lightning (15/15)
 O - a wand of digging (12/24)
 P - a wand of teleportation (4/9)
Scrolls
 g - 20 scrolls of identify
 j - 12 scrolls of remove curse
 p - 3 scrolls of enchant armour
 q - a scroll of teleportation
 u - a scroll of fear
 B - 3 scrolls of enchant weapon
 E - a scroll of amnesia
Potions
 d - 6 potions of might
 i - 9 potions of curing
 m - 6 potions of brilliance
 r - 4 potions of agility
 z - a potion of invisibility
 A - a potion of heal wounds
 F - 2 potions of cancellation
 H - 2 potions of berserk rage {!q}
 L - a potion of haste
Miscellaneous
 I - a phial of floods
Comestibles
 c - 5 chunks of flesh
 f - 21 bread rations
 k - 10 beef jerkies
 t - 25 fruits
 J - 4 slices of pizza


Message History

The splash of poison hits you!
You are more poisoned.
* * * LOW HITPOINT WARNING * * *
You block the guardian serpent's attack.
The naga ritualist barely misses you. You furiously retaliate!
You headbutt the naga ritualist, but do no damage.
You block the naga ritualist's attack.
The naga ritualist hits you with a dagger of venom!
* * * LOW HITPOINT WARNING * * *
You are more poisoned.
The naga ritualist misses you.
The naga sharpshooter spits poison at you.
The splash of poison hits you!
You are more poisoned.
The anaconda barely misses you. The anaconda closely misses you.
The guardian serpent barely misses you.
The greater naga points at you and mumbles some strange words.
The bolt of poison hits you!
You are more poisoned.
You die...

#.}##[.##### ##..).)......#......
..###[#### #########....#..###.
...).....# ###..).)....).###.# ##
...[.....###...%)%.....#####.####
.........##¤.N)[######## ........
.##########..[)### ###.####
.##### ##.).[.#### #.# #
[....########..NNS.¤## ###.####
####........##.N@N...# ........ #
########.#####S..## #######.
###########..# ....# #### #.
............## ......##..#####.
###########.# .}.....##..##... #
### .(N.... ##...... # .N.8...
#....... # ..S...} #####... #
####


You could see a greater naga, a naga sharpshooter, an anaconda, 2 naga
ritualists, a shock serpent (wandering), a guardian serpent and 3 nagas.

Vanquished Creatures
  A tentacled monstrosity (Swamp:2)
  Rupert (Lair:6)
  3 thorn hunters (Swamp:4)
  Kirke (Snake:2)
  8 greater nagas
  Louise (Snake:4)
  The ghost of Wimi090 the Warrior, a journeyman HOGl of Okawaru (Swamp:2)
  The ghost of BigSpaghetti the Severer, a journeyman HOBe of Trog (Lair:8)
  2 dire elephants (Lair:8)
  Josephine (Lair:4)
  26 hydras
  2 ghost crabs
  18 naga warriors
  19 anacondas
  A catoblepas (Lair:3)
  7 alligators
  8 death yaks
  A spriggan berserker (Swamp:4)
  The ghost of JaggaSpikes the Grappler, a novice TrBe of Trog (D:8)
  10 shock serpents
  10 naga sharpshooters
  A sun demon (Lair:8)
  2 salamander mystics
  A fire crab (Lair:6)
  6 sea snakes (Snake:1)
  An unseen horror (D:10)
  10 naga ritualists
  11 swamp dragons (Swamp:4)
  A spriggan druid (Swamp:4)
  5 shambling mangroves
  A wizard (Lair:8)
  A hill giant (D:10)
  16 mana vipers
  2 lindwurms
  2 hornets
  8 salamanders
  11 elephants
  A sixfirhy (Lair:8)
  44 black mambas
  19 spiny frogs
  24 naga magi
  4 orange demons (Lair:8)
  10 guardian serpents
  The ghost of Gadfly the Conjurer, a novice DrCj (Ossuary)
  2 rime drakes (Lair:8)
  10 komodo dragons
  An ice devil (Lair:8)
  A hellwing (Lair:8)
  2 trolls (D:10)
  A polar bear (Lair:1)
  4 red devils (Lair:8)
  6 giant leeches
  35 blink frogs
  A wolf spider simulacrum (IceCv)
  4 boulder beetles
  6 bog bodies
  2 shadows
  A dire elephant simulacrum (IceCv)
  A wyvern (Lair:5)
  4 wraiths (Lair:4)
  23 yaks
  12 spriggans
  7 hogs (Snake:2)
  16 vampire mosquitoes
  9 hippogriffs
  A steam dragon (D:7)
  A hungry ghost (D:9)
  3 insubstantial wisps (Swamp:2)
  75 nagas
  A harpy simulacrum (IceCv)
  23 swamp worms
  A hell hound (Lair:8)
  28 water moccasins
  9 porcupines
  12 ice beasts
  5 orc warriors
  Purgy (D:4)
  2 sky beasts (D:10)
  2 black bears (Lair:1)
  22 wasps
  7 swamp drakes
  An alligator simulacrum (IceCv)
  A phantom (D:8)
  6 wolves
  9 ogres
  2 centaurs
  12 crocodiles
  15 big kobolds (D:10)
  20 giant frogs
  A gnoll sergeant (D:5)
  5 killer bees (D:10)
  3 scorpions
  5 wights
  3 electric eels
  4 crimson imps
  2 giant frog zombies
  A quasit (D:9)
  3 jellies
  4 centaur zombies
  2 hounds
  2 centaur skeletons
  7 orc wizards
  7 orc priests
  A giant frog skeleton (D:7)
  4 iguanas
  10 worker ants
  A spriggan simulacrum (IceCv)
  19 sheep
  A big kobold zombie (Ossuary)
  8 mummies (Ossuary)
  Robin (D:2)
  10 gnolls
  41 river rats
  17 adders
  A naga simulacrum (IceCv)
  2 shadow imps
  3 white imps (IceCv)
  An ufetubus (IceCv)
  An ooze (D:3)
  3 worms
  An adder skeleton (D:9)
  5 dart slugs
  8 giant geckos
  70 orcs
  15 bats
  4 giant cockroaches
  A gnoll zombie (Ossuary)
  17 goblins
  11 hobgoblins
  9 jackals
  20 kobolds
  7 quokkas
  4 ball pythons
  A ball python skeleton (D:4)
  A giant cockroach zombie (D:6)
  5 giant newts
  2 hobgoblin zombies (Ossuary)
  A jackal zombie (D:6)
  3 kobold zombies (Ossuary)
  An orc zombie (Ossuary)
  7 rats
  A spectral orc (D:8)
  9 fungi
  7 plants
1095 creatures vanquished.

Vanquished Creatures (collateral kills)
  An adder (Snake:1)
1 creature vanquished.

Vanquished Creatures (others)
  A greater naga (Snake:4)
  A dire elephant (Lair:4)
  A hydra (Swamp:3)
  A guardian serpent (Snake:4)
  A swamp worm (Swamp:3)
  A naga (Snake:4)
  A wasp (Swamp:4)
  A centaur skeleton (D:8)
  A white imp (IceCv)
  An ufetubus (IceCv)
  An orc (D:9)
  A briar patch (Swamp:4)
  9 fungi
  24 plants
  11 toadstools (Lair:4)
56 creatures vanquished.

Grand Total: 1152 creatures vanquished

Notes
Turn   | Place    | Note
--------------------------------------------------------------
     0 | D:1      | Homage the Minotaur Fighter began the quest for the Orb.
     0 | D:1      | Reached XP level 1. HP: 19/19 MP: 0/0
     6 | D:1      | Reached skill level 1 in Dodging
    97 | D:1      | Reached XP level 2. HP: 24/26 MP: 1/1
   250 | D:1      | Gained mutation: You are surrounded by a mild repulsion field (EV +2). [potion of beneficial mutation]
   445 | D:1      | Reached XP level 3. HP: 31/31 MP: 2/2
   497 | D:1      | Reached skill level 3 in Dodging
   802 | D:2      | Reached XP level 4. HP: 33/39 MP: 3/3
   834 | D:2      | Found a sacrificial altar of Ru.
   898 | D:2      | Found an iron altar of Okawaru.
   945 | D:2      | Reached XP level 5. HP: 32/45 MP: 4/4
   948 | D:2      | Reached skill level 3 in Axes
  1014 | D:2      | Noticed Robin
  1091 | D:2      | Became a worshipper of Warmaster Okawaru
  1098 | D:2      | Killed Robin
  1100 | D:2      | Got a pitted helmet
  1811 | D:3      | Reached XP level 6. HP: 51/51 MP: 5/5
  2361 | D:4      | Noticed an ice beast
  2373 | D:4      | Killed an ice beast
  2373 | D:4      | Reached skill level 6 in Axes
  2474 | D:4      | Noticed Purgy
  2484 | D:4      | Killed Purgy
  2484 | D:4      | Reached skill level 4 in Armour
  2512 | D:4      | Found a white marble altar of Elyvilon.
  2576 | D:4      | Reached XP level 7. HP: 55/57 MP: 6/6
  2577 | D:4      | Reached * piety under Okawaru
  2650 | D:4      | Found a sparkling altar of Nemelex Xobeh.
  2955 | D:5      | Entered Level 5 of the Dungeon
  3034 | D:5      | Found a staircase to the Ecumenical Temple.
  3061 | D:5      | Reached skill level 5 in Armour
  3078 | Temple   | Entered the Ecumenical Temple
  3340 | Temple   | Gained mutation: You are partially covered in large bone plates (AC +2, SH +2). [potion of mutation]
  3340 | Temple   | Gained mutation: You are frail (-10% HP). [potion of mutation]
  3497 | D:5      | Got a shimmering broad axe
  3498 | D:5      | Identified the +8 broad axe "Diudi" {chop, Str+4} (You acquired it on level 5 of the Dungeon)
  3531 | D:5      | Found a bloodstained altar of Trog.
  3731 | D:5      | Reached skill level 6 in Armour
  4102 | D:6      | Reached skill level 7 in Armour
  4225 | D:6      | Found Xintebla's Armour Shop.
  4254 | D:6      | Reached ** piety under Okawaru
  4254 | D:6      | Reached XP level 8. HP: 27/57 MP: 7/7
  4512 | D:6      | Reached skill level 6 in Shields
  5091 | D:7      | Reached skill level 6 in Fighting
  5385 | D:7      | Reached *** piety under Okawaru
  5475 | D:7      | Reached XP level 9. HP: 70/72 MP: 8/8
  5831 | D:8      | Reached **** piety under Okawaru
  5843 | D:8      | Found a sand-covered staircase.
  5854 | Ossuary  | Entered an ossuary
  5912 | Ossuary  | Noticed Gadfly's ghost (novice DrCj)
  5915 | Ossuary  | Reached skill level 9 in Axes
  5926 | Ossuary  | Killed Gadfly's ghost
  6180 | D:8      | Noticed JaggaSpikes's ghost (novice TrBe)
  6190 | D:8      | Killed JaggaSpikes's ghost
  6219 | D:8      | Found a radiant altar of Vehumet.
  6507 | D:8      | Found a basalt altar of Yredelemnul.
  6567 | D:8      | Reached XP level 10. HP: 77/79 MP: 9/9
  6656 | D:9      | Reached skill level 12 in Axes
  6783 | D:9      | Reached ***** piety under Okawaru
  6828 | D:9      | Reached skill level 8 in Armour
  6952 | D:9      | Found an oddly glowing altar of Pakellas.
  6991 | D:9      | Reached skill level 9 in Armour
  7162 | D:9      | Found Esewkida's Armour Shop.
  7169 | D:9      | Bought a +1 cloak of magic resistance for 247 gold pieces
  7309 | D:9      | Found a deep blue altar of Sif Muna.
  7513 | D:9      | Found a staircase to the Orcish Mines.
  7679 | D:10     | Entered Level 10 of the Dungeon
  7685 | D:10     | Found a staircase to the Lair.
  7707 | D:10     | Received a gift from Okawaru
  7711 | D:10     | Got a heavily runed ring mail {god gift}
  7737 | D:10     | Gained mutation: Potions and wands are less effective at restoring your health. [mutagenic meat]
  7769 | D:10     | Reached skill level 9 in Shields
  7803 | D:10     | Identified the +4 ring mail of the Five Beggars {+Fly MP+9 Stlth-} (Okawaru gifted it to you on level 10 of the Dungeon)
  7867 | D:10     | Noticed a hill giant
  7872 | D:10     | Killed a hill giant
  7948 | D:10     | Lost mutation: You are surrounded by a mild repulsion field (EV +2). [potion of cure mutation]
  7948 | D:10     | Lost mutation: You are partially covered in large bone plates (AC +2, SH +2). [potion of cure mutation]
  7948 | D:10     | Lost mutation: You are frail (-10% HP). [potion of cure mutation]
  8121 | D:10     | Reached skill level 6 in Dodging
  8129 | D:10     | Reached XP level 11. HP: 90/94 MP: 10/10
  8211 | D:10     | Killed an unseen horror
  8404 | Lair:1   | Entered Level 1 of the Lair of Beasts
  8438 | Lair:1   | Gained mutation: You are somewhat resistant to further mutation. [potion of mutation]
  8438 | Lair:1   | Gained mutation: You occasionally shout uncontrollably at your foes. [potion of mutation]
  8461 | Lair:1   | Reached skill level 9 in Dodging
  8638 | Lair:1   | Got an ancient cloak
  8649 | Lair:1   | Identified the +3 cloak "Boje" {+Inv rF++} (You acquired it on level 1 of the Lair of Beasts)
  8846 | Lair:1   | Gained mutation: You have a pair of large horns on your head. [potion of mutation]
  8846 | Lair:1   | Gained mutation: You are resistant to hostile enchantments. [potion of mutation]
  9601 | Lair:2   | Received a gift from Okawaru
 10097 | Lair:2   | Noticed a six-headed hydra
 10110 | Lair:2   | Killed a six-headed hydra
 10404 | Lair:3   | Reached XP level 12. HP: 101/101 MP: 11/11
 11000 | Lair:3   | Reached skill level 15 in Axes
 11049 | Lair:3   | Noticed a catoblepas
 11062 | Lair:3   | Killed a catoblepas
 11476 | Lair:4   | Noticed a dire elephant
 11485 | Lair:4   | Killed a dire elephant
 11909 | Lair:4   | Noticed Josephine
 11917 | Lair:4   | Killed Josephine
 12039 | Lair:4   | Noticed an eight-headed hydra
 12053 | Lair:4   | Killed an eight-headed hydra
 12379 | Lair:4   | Found a staircase to the Snake Pit.
 12624 | Lair:4   | Found a staircase to the Swamp.
 13123 | Lair:5   | Noticed a four-headed hydra
 13149 | Lair:5   | Killed a four-headed hydra
 13149 | Lair:5   | Received a gift from Okawaru
 13149 | Lair:5   | Reached skill level 18 in Axes
 13149 | Lair:5   | Reached XP level 13. HP: 24/107 MP: 12/12
 13350 | Lair:5   | Got a translucent garnet amulet
 13598 | Lair:5   | Reached skill level 10 in Armour
 14322 | Lair:6   | Identified the amulet "Ysonan" {Inacc rElec rF+ SInv} (You found it on level 5 of the Lair of Beasts)
 14399 | Lair:6   | Noticed Rupert
 14408 | Lair:6   | Killed Rupert
 14408 | Lair:6   | Reached skill level 11 in Armour
 14562 | Lair:6   | Reached ****** piety under Okawaru
 14572 | Lair:6   | Reached skill level 12 in Armour
 14608 | Lair:6   | Found a viscous altar of Jiyva.
 14609 | Lair:6   | Found a staircase to the Slime Pits.
 14624 | Slime:1  | Entered Level 1 of the Pits of Slime
 15362 | Lair:7   | Received a gift from Okawaru
 15366 | Lair:7   | Reached skill level 12 in Shields
 16084 | Lair:8   | Entered Level 8 of the Lair of Beasts
 16086 | Lair:8   | Noticed BigSpaghetti's ghost (journeyman HOBe)
 16770 | Lair:7   | Reached XP level 14. HP: 90/115 MP: 13/13
 16938 | Lair:8   | Killed BigSpaghetti's ghost
 17291 | Lair:8   | Reached skill level 3 in Invocations
 17890 | Lair:8   | Received a gift from Okawaru
 17930 | Lair:8   | Reached skill level 6 in Invocations
 18075 | Lair:8   | Received a gift from Okawaru
 18733 | Lair:8   | Found a burning altar of Makhleb.
 18750 | Lair:8   | Reached skill level 1 in Spellcasting
 18778 | Lair:8   | HP: 15/115 [red devil/trident of venom (14)]
 18808 | Lair:8   | HP: 14/115 [red devil/demon trident (10)]
 19179 | Lair:8   | Found a gateway to Hell.
 19189 | Lair:8   | Got a crystal executioner's axe
 19198 | Lair:8   | Identified the +5 executioner's axe "Gynecw" {drain, *Confuse Dex+3 Stlth+} (You found it on level 8 of the Lair of Beasts)
 19384 | Lair:8   | Reached skill level 15 in Shields
 19531 | Swamp:1  | Entered Level 1 of the Swamp
 21050 | Swamp:2  | Reached skill level 13 in Armour
 21050 | Swamp:2  | Reached XP level 15. HP: 105/121 MP: 20/20
 21053 | Swamp:2  | Received a gift from Okawaru
 21398 | Swamp:2  | Noticed Wimi090's ghost (journeyman HOGl)
 21416 | Swamp:2  | Killed Wimi090's ghost
 21416 | Swamp:2  | Reached skill level 14 in Armour
 21728 | Swamp:2  | Noticed a tentacled monstrosity
 21736 | Swamp:2  | Killed a tentacled monstrosity
 22094 | Swamp:3  | Reached skill level 15 in Armour
 22176 | Swamp:3  | Received a gift from Okawaru
 22692 | Swamp:3  | Got a distressingly furry ring mail
 22875 | Swamp:3  | Identified the cursed +1 ring mail "Tatsev" {rF+ Int-4 Dex+2 SInv} (You found it on level 3 of the Swamp)
 22993 | Swamp:4  | Entered Level 4 of the Swamp
 23054 | Swamp:4  | Noticed a thorn hunter
 23061 | Swamp:4  | Killed a thorn hunter
 23076 | Swamp:4  | Reached skill level 16 in Armour
 23219 | Swamp:4  | Noticed a thorn hunter
 23237 | Swamp:4  | Killed a thorn hunter
 23263 | Swamp:4  | Found a frozen archway.
 23280 | IceCv    | Entered an ice cave
 24597 | Swamp:4  | Noticed a thorn hunter
 24664 | Swamp:4  | Killed a thorn hunter
 24664 | Swamp:4  | Reached skill level 17 in Armour
 24836 | Swamp:4  | HP: 22/123 [shambling mangrove (14)]
 24840 | Swamp:4  | Reached skill level 9 in Fighting
 24844 | Swamp:4  | HP: 23/124 [swamp drake (2)]
 24912 | Swamp:4  | Received a gift from Okawaru
 24999 | Swamp:4  | Reached XP level 16. HP: 52/134 MP: 21/21
 25025 | Swamp:4  | HP: 19/134 [eight-headed hydra (9)]
 25816 | Swamp:4  | Got a decaying rune of Zot
 26011 | Snake:1  | Entered Level 1 of the Snake Pit
 26137 | Snake:1  | Reached skill level 12 in Fighting
 26871 | Snake:1  | Received a gift from Okawaru
 27283 | Snake:1  | Got a dazzling hunting sling
 27284 | Snake:1  | Identified the +9 hunting sling "Ranaob" {freeze, +Fly rPois MR+++ Str-3} (You found it on level 1 of the Snake Pit)
 28142 | Snake:2  | Reached skill level 15 in Fighting
 28372 | Snake:2  | Received a gift from Okawaru
 28989 | Snake:2  | Noticed Kirke
 29011 | Snake:2  | Killed Kirke
 29776 | Snake:2  | Reached XP level 17. HP: 156/156 MP: 22/22
 29835 | Snake:3  | Reached skill level 12 in Dodging
 30487 | Snake:3  | Reached skill level 18 in Armour
 30828 | Snake:4  | Entered Level 4 of the Snake Pit
 30864 | Snake:4  | Received a gift from Okawaru
 30865 | Snake:4  | Got a crude shield {god gift}
 30984 | Snake:4  | Identified the +0 shield "Vukecix" {rF++} (Okawaru gifted it to you on level 4 of the Snake Pit)
 31120 | Snake:4  | Noticed Louise
 31624 | Snake:4  | Found Fenuth's General Store.
 31657 | Snake:4  | Bought a potion of curing for 39 gold pieces
 31657 | Snake:4  | Bought a scroll of identify for 26 gold pieces
 31671 | Snake:4  | Reached skill level 19 in Armour
 31697 | Snake:4  | Killed Louise
 32301 | Snake:4  | Received a gift from Okawaru
 32302 | Snake:4  | Got an ancient scale mail {god gift}
 32311 | Snake:4  | Reached skill level 20 in Armour
 32455 | Snake:4  | Identified the +0 scale mail "Wirogg" {rPois MR+ MP+9} (Okawaru gifted it to you on level 4 of the Snake Pit)
 32869 | Snake:4  | Reached XP level 18. HP: 143/163 MP: 17/23
 33484 | Snake:4  | HP: 21/163 [greater naga/bolt of poison (17)]
 33485 | Snake:4  | HP: 5/163 [naga ritualist/dagger of venom (7)]
 33485 | Snake:4  | Killed from afar by a greater naga

Vault maps used:
D:1:      minmay_arrival_four_loops
D:2:      overflow_temple_1_default, okawaru_ov_weapons_minmay, uniq_robin
D:3:      kennysheep_generic_room_2
D:4:      kennysheep_little_box, minmay_misc_feat_iff, elyvilon_altar_1,
          uniq_purgy
D:5:      nicolae_overflow_crystal_walls, minmay_temple_entry_glass, first_bread
D:6:      serial_shops, nicolae_shop_crystal
D:7:      minmay_thick_lines, the_bakery, minivault_24,
          kennysheep_generic_room_12
D:8:      fiery_altar_vehumet, yredelemnul_forgotten_temple_becter,
          enter_ossuary_1
D:9:      lemuel_doored_altar, lemuel_round_altar, erik_orc_1, serial_shops,
          shop
D:10:     due_lair_maze_entry_diamond
Temple:   triangle_lava_temple_12
Lair:1:   st_stairs_4, beast_lair_carwin_7, grunt_megastairs_5
Lair:3:   lemuel_fruit_fields
Lair:4:   gammafunk_lair_enchanted_lake, swamp_mist_pool,
          guppyfry_snake_entry_island, serial_bayou_pond_b, uniq_josephine
Lair:5:   nicolae_volcano_entry_s_turn, lemuel_fruit_fields
Lair:6:   dpeg_slime_entry_enclosed_altar, uniq_rupert
Lair:7:   patterned_corridor, lemuel_fruit_tree
Lair:8:   evil_forest, serial_bayou_lagoon_a, serial_bayou_shore_b,
          serial_bayou_shore_a
Swamp:1:  evilmike_swamp_ruin_house_2
Swamp:2:  evilmike_swamp_ruin_rubble_2, swamp_pool1
Swamp:3:  evilmike_swamp_ruin_house_3, infiniplex_staircase_pool
Swamp:4:  swamp_basic_johnstein, portal_ice_cave_entry_ice_beasts, swamp_pool1
Snake:1:  nicolae_snake_springs, grunt_megastairs_2
Snake:2:  nicolae_large_snake_swirl, uniq_kirke
Snake:3:  grunt_ministairs_9
Snake:4:  grunt_snake_rune_serpentine_throne, serial_shops, shop, uniq_louise
Ossuary:  ossuary_tomb_3
IceCv:    ice_cave_caverns_02

Action                   |  1- 3 |  4- 6 |  7- 9 | 10-12 | 13-15 | 16-18 || total
-------------------------+-------+-------+-------+-------+-------+-------++-------
Melee: War axe           |    55 |   164 |    24 |       |       |       ||   243
       Headbutt          |     4 |    29 |    47 |   136 |   299 |   224 ||   739
       Broad axe         |       |       |   181 |   423 |   731 |   688 ||  2023
       Unarmed           |       |       |       |       |    63 |       ||    63
       Demon trident     |       |       |       |       |    40 |    23 ||    63
       Battleaxe         |       |       |       |       |     2 |       ||     2
 Fire: Hunting sling     |       |       |       |       |       |     1 ||     1
Throw: Tomahawk          |       |       |       |    35 |     7 |       ||    42
Invok: Heroism           |       |       |       |     3 |     9 |     4 ||    16
       Finesse           |       |       |       |       |     1 |     2 ||     3
 Abil: Evoke Flight      |       |       |       |       |     5 |     1 ||     6
Evoke: Phial of floods   |       |       |       |       |     1 |       ||     1
       Rod               |       |       |       |       |       |     2 ||     2
  Use: Scroll            |     5 |     4 |     7 |     8 |    17 |     7 ||    48
       Potion            |     2 |     3 |     4 |     5 |     9 |     2 ||    25
 Stab: Sleeping          |       |     1 |       |       |       |       ||     1
       Invisible         |       |       |     1 |       |       |       ||     1
       Confused          |       |       |       |       |       |     4 ||     4
  Eat: Chunk             |       |     6 |    13 |    22 |    28 |    10 ||    79
       Royal jelly       |       |       |       |       |     1 |       ||     1
       Meat ration       |       |       |       |       |     1 |     3 ||     4
       Fruit             |       |       |       |       |     1 |     1 ||     2
       Bread ration      |       |       |       |       |     1 |       ||     1
       Beef jerky        |       |       |       |       |       |     2 ||     2
Armor: Scale mail        |    32 |    47 |     2 |   115 |   331 |    49 ||   576
       Chain mail        |       |    40 |    52 |       |       |       ||    92
       Plate armour      |       |       |       |       |       |   174 ||   174
Dodge: Dodged            |    34 |    86 |    50 |   227 |   569 |   334 ||  1300
Block: Shield            |    31 |   113 |   138 |   361 |   818 |   774 ||  2235
       Reflection        |       |       |       |     2 |     6 |    88 ||    96
       Other             |       |       |       |       |     3 |       ||     3
